 Dungeon Sprint DCSS version 0.28-a0-71-g84acfa7270 (webtiles) character file.

Game seed: 4956575074553720509

54 Zeldest the Insei (level 6, -2/52 HPs)
             Began as a Demonspawn Transmuter on Aug 2, 2021.
             Was a Believer of Ru.
             Killed themself with a badly aimed iceblast (20 damage)
             ... in the Dungeon (Sprint VI: "Thunderdome").
             The game lasted 00:02:59 (375 turns).

Zeldest the Insei (Demonspawn Transmuter)            Turns: 375, Time: 00:03:00

Health: -2/52      AC:  2    Str: 11    XL:     6   Next: 26%
Magic:  9/9        EV: 14    Int: 14    God:    Ru [**....]
Gold:   280        SH:  0    Dex: 15    Spells: 6/9 levels left

rFire   . . .      SeeInvis .     - Unarmed
rCold   . . .      Faith    .   (no shield)
rNeg    . . .      Spirit   .   a - +0 robe
rPois   .          Reflect  .   (no helmet)
rElec   .          Harm     .   (no cloak)
rCorr   .          Rampage  .   (no gloves)
Will    .....      NoTele   +   (no boots)
Stlth   +.........              (no amulet)
HPRegen 0.17/turn               (no ring)
MPRegen 0.11/turn               (no ring)

@: no status effects
A: (demonic guardian 2), powered by pain 1, hated by all
a: Renounce Religion


You were in the Dungeon.
You worshipped Ru.
Ru was pleased with you.
You visited 1 branch You collected 280 gold pieces.

Inventory:

Armour
 a - a +0 robe (worn)
Wands
 i - a wand of acid (3)
 j - a wand of iceblast (1)
Scrolls
 g - 4 scrolls of blinking
 k - 3 scrolls of fog
Potions
 b - a potion of curing
 c - 4 potions of heal wounds
 d - 4 potions of haste
 e - 2 potions of magic
 f - a potion of berserk rage
 h - a potion of resistance
 l - a potion of brilliance {unknown}


   Skills:
 + Level 5.9 Fighting
 + Level 5.7 Dodging
 + Level 6.0 Unarmed Combat
 - Level 2.0 Spellcasting
 + Level 5.7 Transmutations
 + Level 5.2 Air Magic


You had 6 spell levels left.
You knew the following spells:

 Your Spells              Type           Power      Damage    Failure   Level
a - Beastly Appendage     Tmut           34%        N/A       2%          1
b - Wereblood             Tmut           17%        N/A       3%          2

Your spell library contained the following spells:

 Spells                   Type           Power      Damage    Failure   Level
 Spider Form              Tmut/Pois      4%         N/A       22%         3
 Ice Form                 Ice/Tmut       9%         N/A       58%         4


Dungeon Overview and Level Annotations

Branches:
Dungeon (1/1)

Altars:
Cheibriados
Dithmenos
Fedhas
Gozag
Kikubaaqudgha
Makhleb
Okawaru
Qazlal
Ru
Sif Muna
Trog
Uskayaw
Vehumet
Wu Jian
Xom
Yredelemnul
Zin
The Shining One
Beogh
Jiyva
Lugonu

Shops:
D *[??*?*:[((!!!!

Annotations:
D Grum


Innate Abilities, Weirdness & Mutations

((A demonic guardian rushes to your aid.))
You sometimes gain a little power by taking damage.
You are hated by all.


Message History

Aiming: Iceblast
Press: ? - help, Shift-Dir - straight line, f - wolf, p - wolf
Aim: a wolf The mass of ice explodes!
The iceblast engulfs the wolf!
The wolf is heavily wounded.
The iceblast engulfs the wolf!
The wolf is almost dead.
The iceblast engulfs Grum.
Grum is moderately wounded.
Aiming: Iceblast
Press: ? - help, Shift-Dir - straight line, f - wolf, p - wolf
Aim: a wolf The mass of ice explodes!
The iceblast engulfs the wolf!
The wolf is moderately wounded.
The iceblast engulfs the wolf!
You kill the wolf!
The iceblast engulfs the wolf.
The wolf is heavily wounded.
The iceblast engulfs the hound!
The hound is severely wounded.
The iceblast engulfs the wolf!
The wolf is almost dead. 50...
Your Unarmed Combat skill increases to level 6!
Your Air Magic skill increases to level 5!
You have reached level 6!
Your experience leads to an increase in your attributes!
Increase (S)trength, (I)ntelligence, or (D)exterity?
You feel agile.
Your demonic ancestry asserts itself...
You feel energised by your suffering.
Aiming: Iceblast
Press: ? - help, Shift-Dir - straight line, f/p - wolf
Aim: a wolf (moderately wounded) That beam is likely to hit you.
Continue anyway? [Y]es or [N]o only, please.
That beam is likely to hit you.
Continue anyway?
The mass of ice explodes!
The iceblast engulfs the wolf.
You kill the wolf!
The iceblast engulfs you!!
You die...

##._._......###......___∩##
#∩........8.# #.8........∩###
............###.............##
.........###...###...g......⌠#
)..÷.....# #.<.# #..........⌠#
.........###...###..........⌠#
............###†..h.........##
#∩........8.# #.8†h......∩###
##∩___......###.@h...___∩##
######.8.........8.######
#⌠...........⌠#
###.........### #_......._#
#_......._# #_......[_#
#∩.......∩# ##∩.....∩##


You could see Grum, 2 wolves and a hound.

Vanquished Creatures
  2 wolves (D)
  3 scorpions (D)
  Terence (D)
  A worm (D)
  An endoplasm (D)
  A giant cockroach (D)
  A goblin (D)
  A quokka (D)
  A frilled lizard (D)
12 creatures vanquished.

Vanquished Creatures (collateral kills)
  A scorpion (D)
1 creature vanquished.

Grand Total: 13 creatures vanquished

Notes
Turn   | Place    | Note
-------+----------+-------------------------------------------
     0 | D        | Zeldest the Demonspawn Transmuter began the quest for the
                  | Orb.
     0 | D        | Reached XP level 1. HP: 15/15 MP: 3/3
     1 | D        | Found an ornate altar of the Wu Jian Council.
     2 | D        | Found a blossoming altar of Fedhas.
     2 | D        | Found a snail-covered altar of Cheibriados.
     3 | D        | Found a viscous altar of Jiyva.
     3 | D        | Found a stormy altar of Qazlal.
     4 | D        | Found Osiolur's Identification Station.
     4 | D        | Found a shimmering blue altar of Sif Muna.
     5 | D        | Found a shimmering altar of Xom.
     5 | D        | Round 1.
     6 | D        | Found Wysch's Premium Goods.
     7 | D        | Noticed Terence
     7 | D        | Found a radiant altar of Vehumet.
     7 | D        | Found an opulent altar of Gozag.
     7 | D        | Found a sacrificial altar of Ru.
     7 | D        | Found Vodich's Weapon Rack.
     7 | D        | Found Jualuikk's Miscellaneous Merchandise.
     7 | D        | Found Simpoo's Basic Armour.
    15 | D        | Became a worshipper of Ru the Awakened
    17 | D        | Killed Terence
    18 | D        | Reached skill level 3 in Unarmed Combat
    18 | D        | Gained mutation: A weak demonic guardian rushes to your
                  | aid. [demonic ancestry]
    18 | D        | Reached XP level 2. HP: 23/23 MP: 5/5
    35 | D        | Found Winuh's Advanced Armour.
    36 | D        | Found Kiadgho's Jewellery.
    66 | D        | Reached XP level 3. HP: 18/28 MP: 4/6
    90 | D        | Found an iron altar of Okawaru.
    94 | D        | Found a hide-covered altar of Uskayaw.
    94 | D        | Found a basalt altar of Yredelemnul.
    94 | D        | Found Icrab's Magic Scroll Shop.
    94 | D        | Found Baukuk's Staff Store.
    95 | D        | Found Layded's Magic Scroll Shop.
    95 | D        | Found Kumee's Must-Have Magic.
   115 | D        | Found an ancient bone altar of Kikubaaqudgha.
   117 | D        | Found a burning altar of Makhleb.
   117 | D        | Found a shadowy altar of Dithmenos.
   117 | D        | Found Paniryoc's Distillery.
   117 | D        | Found Uxoelik's Distillery.
   118 | D        | Found Tigg's Bottled Wisdom.
   124 | D        | Found Midesax's Do-It-Yourself Clinic.
   124 | D        | Found a bloodstained altar of Trog.
   124 | D        | Found a corrupted altar of Lugonu.
   158 | D        | Arena points: 12 (+12) [x2]
   206 | D        | Round 2.
   246 | D        | Noticed a scorpion
   248 | D        | Noticed a scorpion
   257 | D        | Killed a scorpion
   258 | D        | Reached skill level 4 in Unarmed Combat
   258 | D        | Gained mutation: A demonic guardian rushes to your aid.
                  | [demonic ancestry]
   258 | D        | Reached XP level 4. HP: 32/37 MP: 5/7
   260 | D        | Killed a scorpion
   261 | D        | Reached XP level 5. HP: 28/43 MP: 6/8
   300 | D        | Reached skill level 5 in Fighting
   300 | D        | Reached skill level 5 in Unarmed Combat
   304 | D        | Learned a level 2 spell: Wereblood
   333 | D        | Arena points: 54 (+42) [x3]
   334 | D        | Reached skill level 5 in Dodging
   334 | D        | Reached skill level 5 in Transmutations
   335 | D        | Gained mutation: You are hated by all. [Ru sacrifice]
   335 | D        | Reached * piety under Ru
   335 | D        | Reached ** piety under Ru
   364 | D        | Round 3.
   369 | D        | Noticed a wolf
   370 | D        | Noticed a wolf
   371 | D        | Noticed Grum
   371 | D        | Noticed a wolf
   371 | D        | Noticed a wolf
   374 | D        | Killed a wolf
   375 | D        | Reached skill level 6 in Unarmed Combat
   375 | D        | Reached skill level 5 in Air Magic
   375 | D        | Gained mutation: You sometimes gain a little power by
                  | taking damage. [demonic ancestry]
   375 | D        | Reached XP level 6. HP: 18/52 MP: 9/9
   375 | D        | Killed themself with a badly aimed iceblast

Illustrated notes

Levels and vault maps discovered:
D:        arena_sprint

Skill      XL: |  1  2  3  4  5 |
---------------+----------------+-----
Fighting       | 2 3 4 5 |  5.9
Dodging        | 2 3 4 5 |  5.7
Unarmed Combat | 3 4 6 |  6.0
Transmutations | 2 3 4 5 |  5.7
Air Magic      | 2 3 5 |  5.2
Spellcasting   | |  2.0

Action                   |  1- 3 |  4- 6 || total
-------------------------+-------+-------++-------
Melee: Unarmed           |    16 |    14 ||    30
       Kick              |     3 |     3 ||     6
       Headbutt          |     2 |     1 ||     3
       Punch             |       |     1 ||     1
 Cast: Beastly Appendage |     5 |     2 ||     7
Invok: Sacrifice Love    |       |     1 ||     1
Evoke: Wand              |     3 |     3 ||     6
Armor: Robe              |     1 |     3 ||     4
Dodge: Dodged            |     8 |     6 ||    14

Table legend: (Time is in decaauts)
 A = Elapsed time spent in this place.
 B = Non-inter-level travel time spent in this place.
 C = Inter-level travel time spent in this place.
 D = Time resting spent in this place.
 E = Time spent auto-exploring this place.
 F = Levels seen in this place.
 G = Mean time per level.
                   A        B        C        D        E       F      G
               +--------+--------+--------+--------+--------+-----+--------+
         Total |    372 |    372 |      0 |    102 |     71 |   1 |  372.0 |
       Dungeon |    372 |    372 |      0 |    102 |     71 |   1 |  372.0 |
               +--------+--------+--------+--------+--------+-----+--------+

Top non-repeatable levels by time:
       D: 372 daAuts
